 Dungeon Crawl Stone Soup version 0.18-a0-1121-gb454403 (webtiles) character file.

26 Wallaby3 the Skirmisher (level 3, -4/37 HPs)
             Began as an Ogre Enchanter on Jan 18, 2016.
             Killed from afar by Natasha (9 damage)
             ... with a wand of flame
             ... on level 2 of the Dungeon.
             The game lasted 00:04:39 (1068 turns).

Wallaby3 the Skirmisher (Ogre Enchanter)            Turns: 1068, Time: 00:04:40

Health: -4/37      AC:  4    Str: 14    XL:     3   Next: 8%
Magic:  6/6        EV:  7    Int: 14    God:
Gold:   27         SH:  6    Dex: 10    Spells: 1 memorised, 5 levels left

rFire  . . .     SeeInvis .     a - +1 dagger
rCold  . . .     Gourm    .     b - +1 robe
rNeg   . . .     Faith    .     m - +0 shield
rPois  .         Spirit   .     (helmet restricted)
rElec  .         Dismiss  .     (no cloak)
rCorr  .         Reflect  .     (gloves unavailable)
SustAt .         Harm     .     (boots unavailable)
MR     .....                    (no amulet)
Stlth  ++........               (no ring)
                                (no ring)

@: not resistant to hostile enchantments, unstealthy
A: unfitting armour, tough skin 1
a: no special abilities


You were on level 2 of the Dungeon.
You were not hungry.

You visited 1 branch of the dungeon, and saw 2 of its levels.

You collected 27 gold pieces.

Inventory:

Hand Weapons
 a - a +1 dagger (weapon)
 k - a +0 club
 l - a +0 whip
Armour
 b - a +1 robe (worn)
 m - a +0 shield (worn)
Jewellery
 n - an uncursed ring of poison resistance {unknown}
Scrolls
 e - a scroll of enchant armour {unknown}
 f - 2 scrolls of magic mapping {unknown}
 i - a scroll of identify {unknown}
Potions
 h - a potion of flight {unknown}
Books
 c - a book of Maledictions

   Spells                             Type                      Level
   a - Corona                         Hexes                        1
   b - Ensorcelled Hibernation        Hexes/Ice                    2
   c - Confuse                        Hexes                        3
   d - Tukima's Dance                 Hexes                        3
   e - Dazzling Spray                 Conjuration/Hexes            3
Comestibles
 d - 2 bread rations
 g - 4 chunks of flesh
 j - a slice of pizza


   Skills:
 - Level 3.0 Fighting
 - Level 0.5 Short Blades
 * Level 1.5 Maces & Flails
 - Level 1.7 Dodging
 - Level 2.4 Stealth
 - Level 2.4 Spellcasting
 - Level 2.1 Hexes


You had 5 spell levels left.
You knew the following spells:

 Your Spells              Type           Power        Failure   Level  Hunger
a - Corona                Hex            #......      75%         1    #......


Dungeon Overview and Level Annotations

Branches:
Dungeon (2/15)

Altars:

Annotations:
D:2 Natasha


Innate Abilities, Weirdness & Mutations

You are too large for most types of armour.
You have tough skin (AC +1).


Message History

Natasha casts a spell at you. The magic dart hits you!
You see here a bat corpse.
Natasha zaps a wand.
The puff of flame misses you.
The crimson imp shouts, "Bolt, thou goatish ruttish gudgeon!"
The crimson imp hits you but does no damage.
The crimson imp closely misses you.
The iron imp grinds its teeth.
The crimson imp blinks!
The crimson imp disappears in a puff of smoke!
Natasha hisses.
Natasha zaps a wand.
The puff of flame hits you!
* * * LOW HITPOINT WARNING * * *
The crimson imp disappears in a puff of smoke!
Natasha zaps a wand.
The puff of flame hits you!
* * * LOW HITPOINT WARNING * * *
You barely miss Natasha.
You feel yourself speed up.
Natasha zaps a wand.
The puff of flame hits you!
You die...

#.......#.# #.# #.#
#.......#.###.# #.#
#.......#...#.###.#
+.......###.#.....#
#.......# #.#.#####
#.......###.#<#
#...........#.#
######.#####[# #@#
#.# #h# #.#
#####5#####.#
#........)#.#
#....†....#.#
#..§......#
#.........#
#####'##### #.#


You could see an iron imp and Natasha.

Vanquished Creatures
  4 goblins
  3 hobgoblins (D:1)
  3 kobolds (D:1)
  6 bats
  11 rats
27 creatures vanquished.

Notes
Turn   | Place    | Note
--------------------------------------------------------------
     0 | D:1      | Wallaby3 the Ogre Enchanter began the quest for the Orb.
     0 | D:1      | Reached XP level 1. HP: 16/16 MP: 3/3
    44 | D:1      | Reached skill level 1 in Fighting
   114 | D:1      | Reached XP level 2. HP: 23/28 MP: 5/5
   351 | D:1      | Reached skill level 3 in Fighting
   774 | D:1      | Reached skill level 1 in Maces & Flails
   987 | D:2      | Reached XP level 3. HP: 37/37 MP: 6/6
  1048 | D:2      | Noticed Natasha
  1068 | D:2      | Killed from afar by Natasha

Vault maps used:
D:1:      dpeg_arrival_chambers_temple_mockup
D:2:      first_bread, uniq_natasha

Action                   || total
-------------------------++-------
Melee: Dagger            ||   104
 Cast: Corona            ||     1
 Stab: Sleeping          ||     2
  Eat: Chunk             ||     1
